 Dungeon Crawl Stone Soup version 0.21.0-3-g78d12a8bdd (webtiles) character file.

6746 NullDivider the Covert (level 11, -2/108 HPs)
             Began as an Octopode Artificer on Jan 10, 2018.
             Was a Believer of Nemelex Xobeh.
             Slain by a killer bee (3 damage)
             ... on level 10 of the Dungeon.
             The game lasted 01:24:11 (12440 turns).

NullDivider the Covert (Octopode Artificer)        Turns: 12440, Time: 01:24:11

Health: -2/108     AC: 25    Str: 12    XL:     11   Next: 4%
Magic:  0/16       EV:  2    Int: 13    God:    Nemelex Xobeh [**....]
Gold:   707        SH:  0    Dex: 16    Spells: 10/10 levels left

rFire    + . .     SeeInvis .   u - +2 dagger (venom)
rCold    + . .     Gourm    .   (no shield)
rNeg     + + +     Faith    .   (helmet currently unavailable)
rPois    +         Spirit   +   C - amulet of guardian spirit
rElec    .         Reflect  .   r - ring of protection from cold
rCorr    +         Harm     .   g - ring of resist corrosion
MR       .....     NoTele   +   A - ring of protection from fire
Stlth    +++++.....             H - ring of flight
HPRegen  0.28/turn              (no ring)
MPRegen  0.15/turn              (no ring)
                                (no ring)
                                (no ring)

@: tree-form
A: almost no armour, stealthy swim, (amphibious), 8 rings, (constrict 8)
a: Renounce Religion


You were on level 10 of the Dungeon.
You worshipped Nemelex Xobeh.
Nemelex Xobeh was pleased with you.
You were not hungry.
You were a tree.
You visited 2 branches of the dungeon, and saw 11 of its levels.
You also visited: Ossuary.

You collected 707 gold pieces.

Inventory:

Hand Weapons
 t - a +1 dagger of freezing
 u - a +2 dagger of venom (weapon)
 Q - a +1 dagger of draining
 R - a +2 dagger of electrocution
 T - a +2 vampiric dagger
Jewellery
 g - a ring of resist corrosion (right branch)
 r - a ring of protection from cold (left branch)
 A - a ring of protection from fire (on tentacle)
 C - an amulet of guardian spirit (around neck)
 G - an uncursed ring of ice
 H - a ring of flight (on tentacle)
Wands
 c - a wand of enslavement (9)
 d - a wand of random effects (15)
 E - a wand of paralysis (14)
 U - a wand of flame (22)
Scrolls
 j - 2 scrolls of fog
 k - 3 scrolls of enchant armour
 m - 2 scrolls of amnesia
 n - 3 scrolls of remove curse
 o - a scroll of fear {unknown}
 w - 3 scrolls of teleportation
 y - a scroll of silence {unknown}
 z - a scroll of enchant weapon {unknown}
 I - a scroll of magic mapping {unknown}
 S - a scroll of random uselessness {unknown}
Potions
 a - 2 potions of mutation {unknown}
 b - 2 potions of ambrosia {unknown}
 h - a potion of agility {unknown}
 i - 5 potions of lignification
 p - 4 potions of flight
 q - 2 potions of brilliance {unknown}
 s - a potion of berserk rage {unknown}
 v - a potion of cancellation {unknown}
 x - a potion of haste
 B - 3 potions of magic
 D - 2 potions of degeneration {unknown}
 F - a potion of might {unknown}
 L - 2 potions of heal wounds {unknown}
 N - a potion of resistance
Books
 l - a book of Battle

   Spells                             Type                      Level
   a - Infusion                       Charms                       1
   b - Shroud of Golubria             Charms/Translocation         2
   c - Song of Slaying                Charms                       2
   d - Spectral Weapon                Hexes/Charms                 3
   e - Regeneration                   Charms/Necromancy            3
Miscellaneous
 J - a plain deck of escape {drawn: 1}
 K - a plain deck of destruction {drawn: 6}
 M - a plain deck of destruction
 O - a plain deck of summoning
Comestibles
 f - 15 rations


   Skills:
 + Level 6.1 Fighting
 + Level 6.1 Short Blades
 * Level 9.0 Dodging
 + Level 11.1 Stealth
 - Level 5.0 Invocations
 * Level 7.5 Evocations


You had 10 spell levels left.
You didn't know any spells.

Dungeon Overview and Level Annotations

Branches:
Dungeon (10/15)            Temple (1/1) D:6            Lair (0/6) D:9
    Orc: D:9-12

Altars:
Ashenzari
Cheibriados
Fedhas
Gozag
Hepliaklqana
Kikubaaqudgha
Makhleb
Nemelex Xobeh
Qazlal
Ru
Sif Muna
Vehumet
Yredelemnul
Zin
The Shining One


Innate Abilities, Weirdness & Mutations

You cannot wear most types of armour.
You are very stealthy in the water. (Stealth+)
((You are amphibious.))
You can wear up to eight rings at the same time.
((You can use your tentacles to constrict eight enemies at once.))
((Your skin changes colour to match your surroundings (Stealth+).))
((Your rubbery body absorbs attacks. (AC +1, EV +1)))


Message History

The troll bites you but does no damage. The troll claws you!
* * * LOW HITPOINT WARNING * * *
The troll claws you but does no damage.
Unknown command.
You hit the killer bee.
The killer bee is lightly wounded.
The killer bee stings you but does no damage.
The centaur warrior skeleton hits you but does no damage.
The killer bee stings you but does no damage.
You hit the killer bee.
The killer bee is poisoned.
The killer bee is moderately wounded.
The centaur warrior skeleton hits you but does no damage.
The troll bites you but does no damage. The troll claws you!
* * * LOW HITPOINT WARNING * * *
The troll claws you but does no damage.
The killer bee stings you but does no damage.
You draw a card...
It is the Elixir.
You begin rapidly regenerating magic.
The killer bee stings you.
You die...
Your body disappears without a glow.

..... .... ...
##.. #.. #.# ##T#
#♣y#
###Z##########.
#..y...........
#....##...........
..###.
#.......?...
................
...##...[.......
##. ............#
# #..........[.#


You could see a troll, 2 killer bees and a centaur warrior skeleton.

Vanquished Creatures
  2 two-headed ogres
  A kobold demonologist (D:8)
  A hippogriff (D:8)
  Sigmund (D:6)
  Duvessa (D:4)
  A hornet zombie (D:8)
  2 ice beasts
  4 orc warriors
  A porcupine (D:7)
  A black bear (D:9)
  A necrophage (D:8)
  2 sky beasts (D:8)
  4 ogres
  A centaur (D:5)
  2 crocodiles
  3 big kobolds
  6 bullfrogs
  A wyvern skeleton (D:9)
  12 scorpions
  4 killer bees
  A howler monkey (D:6)
  6 centaur zombies
  4 crimson imps
  3 human zombies (Ossuary)
  4 jellies
  2 hounds
  Crazy Yiuf (D:4)
  A bullfrog skeleton (D:7)
  3 orc priests
  3 orc wizards
  3 iguanas
  3 worker ants
  A big kobold zombie (Ossuary)
  A hound skeleton (D:8)
  3 mummies (Ossuary)
  16 gnolls
  4 scorpion zombies (Ossuary)
  10 adders
  An adder zombie (D:9)
  2 adder skeletons
  2 worms
  2 dart slugs
  4 leopard geckos
  22 orcs
  2 ball pythons
  9 bats
  9 giant cockroaches
  7 goblins
  10 hobgoblins
  20 jackals
  3 quokkas
  A frilled lizard (D:3)
  4 gnoll zombies (Ossuary)
  A jackal skeleton (D:6)
  15 kobolds
  4 kobold zombies (Ossuary)
  An orc zombie (Ossuary)
  A quokka skeleton (D:6)
  13 rats
253 creatures vanquished.

Vanquished Creatures (collateral kills)
  An orc warrior (D:8)
  A centaur (D:9)
  2 killer bees (D:7)
  A gnoll shaman (D:5)
  An orc wizard (D:9)
  A hound skeleton (D:5)
  3 orcs
10 creatures vanquished.

Vanquished Creatures (others)
  Dowan (D:4)
  A gnoll (D:4)
  A hobgoblin zombie (Ossuary)
3 creatures vanquished.

Grand Total: 266 creatures vanquished

Notes
Turn   | Place    | Note
-------+----------+-------------------------------------------
     0 | D:1      | NullDivider the Octopode Artificer began the quest for the Orb.
     0 | D:1      | Reached XP level 1. HP: 13/13 MP: 3/3
   131 | D:1      | Reached skill level 2 in Stealth
   131 | D:1      | Reached XP level 2. HP: 16/18 MP: 4/4
   442 | D:1      | Reached XP level 3. HP: 23/23 MP: 5/5
  1226 | D:2      | Reached skill level 3 in Stealth
  1292 | D:2      | Reached XP level 4. HP: 27/28 MP: 6/6
  1839 | D:2      | Found an opulent altar of Gozag.
  1964 | D:2      | Found a hazy altar of Hepliaklqana.
  2455 | D:2      | Reached XP level 5. HP: 34/34 MP: 7/7
  3296 | D:4      | Reached skill level 4 in Stealth
  3417 | D:4      | Found a sand-covered staircase.
  3426 | Ossuary  | Entered an ossuary
  3460 | Ossuary  | Reached XP level 6. HP: 15/40 MP: 8/8
  3952 | Ossuary  | Reached skill level 5 in Stealth
  4136 | Ossuary  | Reached XP level 7. HP: 33/45 MP: 10/10
  4249 | Ossuary  | HP: 2/45 [centaur zombie (3)]
  4252 | Ossuary  | Reached skill level 6 in Stealth
  4868 | Ossuary  | Reached skill level 5 in Dodging
  4868 | Ossuary  | Reached XP level 8. HP: 52/52 MP: 11/11
  5248 | D:4      | Noticed Dowan
  5249 | D:4      | Noticed Duvessa
  5255 | D:4      | Your ally died
  5346 | D:4      | Killed Duvessa
  5346 | D:4      | Reached skill level 7 in Stealth
  5628 | D:4      | Found a stormy altar of Qazlal.
  5713 | D:4      | Found a runed door.
  5717 | D:4      | Noticed Crazy Yiuf
  5726 | D:4      | Killed Crazy Yiuf
  5796 | D:5      | Entered Level 5 of the Dungeon
  5815 | D:5      | Reached skill level 5 in Evocations
  5966 | D:5      | Noticed a hippogriff
  6343 | D:5      | Found a snail-covered altar of Cheibriados.
  6393 | D:5      | Reached skill level 8 in Stealth
  6860 | D:6      | Reached XP level 9. HP: 58/58 MP: 13/13
  7153 | D:6      | Noticed Sigmund
  7161 | D:6      | Killed Sigmund
  7384 | D:6      | Found a staircase to the Ecumenical Temple.
  7390 | Temple   | Entered the Ecumenical Temple
  7490 | Temple   | Became a worshipper of Nemelex Xobeh the Trickster
  7664 | D:7      | Received a gift from Nemelex Xobeh
  7720 | D:7      | Reached skill level 9 in Stealth
  9032 | D:7      | Reached * piety under Nemelex Xobeh
  9032 | D:7      | Received a gift from Nemelex Xobeh
  9473 | D:7      | Received a gift from Nemelex Xobeh
  9716 | D:8      | Reached skill level 5 in Fighting
  9716 | D:8      | Reached skill level 10 in Stealth
  9729 | D:8      | Reached skill level 5 in Short Blades
  9757 | D:8      | Reached skill level 1 in Invocations
  9993 | D:8      | Noticed a kobold demonologist
 10005 | D:7      | Reached XP level 10. HP: 59/66 MP: 11/14
 10292 | D:8      | Killed a kobold demonologist
 10515 | D:8      | Noticed a two-headed ogre
 10521 | D:8      | Killed a two-headed ogre
 10647 | D:8      | Received a gift from Nemelex Xobeh
 10792 | D:8      | Found a radiant altar of Vehumet.
 10989 | D:8      | Found a sacrificial altar of Ru.
 11009 | D:8      | Found a blossoming altar of Fedhas.
 11058 | D:8      | Found a glowing silver altar of Zin.
 11420 | D:9      | Reached ** piety under Nemelex Xobeh
 11420 | D:9      | Noticed a two-headed ogre
 11451 | D:9      | Killed a two-headed ogre
 11451 | D:9      | Reached skill level 11 in Stealth
 11650 | D:9      | Reached skill level 5 in Invocations
 12077 | D:9      | Reached XP level 11. HP: 66/71 MP: 13/16
 12090 | D:9      | Found a staircase to the Lair.
 12419 | D:10     | Entered Level 10 of the Dungeon
 12439 | D:10     | HP: 1/108 [troll (6)]
 12440 | D:10     | Slain by a killer bee

Skill      XL: |  1  2  3  4  5  6  7  8  9 10 11 |
---------------+----------------------------------+-----
Stealth        | 2 3 4 5 6 8 10 11 | 11.1
Dodging        | 3 4 5 6 7 8 9 |  9.0
Fighting       | 2 3 4 5 6 |  6.1
Short Blades   | 2 3 4 5 6 |  6.1
Evocations     | 4 5 6 7 |  7.5
Invocations    | 1 5 |  5.0

Action                   |  1- 3 |  4- 6 |  7- 9 | 10-12 || total
-------------------------+-------+-------+-------+-------++-------
Melee: Short sword       |    77 |    48 |       |       ||   125
       Constrict         |    18 |    41 |    70 |    25 ||   154
       Tentacles         |     9 |    40 |    68 |    34 ||   151
       Dagger            |       |   112 |   300 |   137 ||   549
Evoke: Wand              |       |       |    21 |     1 ||    22
       Deck              |       |       |     3 |     4 ||     7
  Use: Scroll            |       |     1 |     7 |     4 ||    12
       Potion            |       |       |     5 |     3 ||     8
 Stab: Sleeping          |    12 |    16 |    22 |    15 ||    65
       Distracted        |       |     1 |     1 |     1 ||     3
       Paralysed         |       |       |     1 |       ||     1
  Eat: Chunk             |     1 |     7 |    15 |     6 ||    29
       Ration            |       |     1 |       |     1 ||     2
Armor: Skin              |     3 |     9 |     5 |    14 ||    31
Dodge: Dodged            |    48 |    86 |   210 |    79 ||   423
